 Dungeon Crawl Stone Soup version 0.26.1-2-gb8aa6d0cf2 (webtiles) character file.

Game seed: 11217938365824998706

1049 Ladykiller69 the Cleaver (level 8, -5/69 HPs)
             Began as a Hill Orc Gladiator on Mar 19, 2021.
             Slain by a seven-headed hydra (13 damage)
             ... on level 7 of the Dungeon.
             The game lasted 00:08:23 (5575 turns).

Ladykiller69 the Cleaver (Hill Orc Gladiator)       Turns: 5575, Time: 00:08:24

Health: -5/69      AC:  6    Str: 19    XL:     8   Next: 25%
Magic:  8/8        EV: 13    Int:  8    God:
Gold:   259        SH:  0    Dex: 12    Spells: 7/7 levels left

rFire    . . .     SeeInvis .   a - +0 war axe
rCold    . . .     Faith    .   (no shield)
rNeg     . . .     Spirit   .   b - +0 leather armour
rPois    .         Reflect  .   c - +0 helmet
rElec    .         Harm     .   y - +1 cloak (curse)
rCorr    .         Rampage  .   (no gloves)
Will     .....                  (no boots)
Stlth    +.........             (no amulet)
HPRegen  0.21/turn              (no ring)
MPRegen  0.11/turn              (no ring)

@: no status effects
A: no striking features
a: no special abilities


You were on level 7 of the Dungeon.
You visited 1 branch of the dungeon, and saw 6 of its levels.

You collected 259 gold pieces.

Inventory:

Hand Weapons
 a - a +0 war axe (weapon)
Missiles
 d - 3 throwing nets
 p - 10 poisoned darts (quivered)
Armour
 b - a +0 leather armour (worn)
 c - a +0 helmet (worn)
 j - a +0 cloak
 y - a cursed +1 cloak (worn)
Jewellery
 q - a cursed ring of magical power {unknown}
 w - an uncursed ring of stealth {unknown}
 A - an uncursed ring of protection from cold {unknown}
Wands
 s - a wand of flame (16)
Scrolls
 e - 6 scrolls of remove curse {unknown}
 g - 6 scrolls of identify {unknown}
 h - 3 scrolls of fear {unknown}
 i - 3 scrolls of teleportation {unknown}
 k - 4 scrolls of fog {unknown}
 o - 2 scrolls of magic mapping {unknown}
Potions
 f - a potion of resistance {unknown}
 l - 2 potions of curing
 m - a potion of heal wounds {unknown}
 r - 2 potions of haste {unknown}
 t - a potion of brilliance {unknown}
 u - a potion of degeneration {unknown}
 v - a potion of might {unknown}
 x - a potion of invisibility {unknown}
 z - a potion of flight {unknown}


   Skills:
 + Level 5.4 Fighting
 * Level 8.7 Axes
 - Level 2.0 Throwing
 + Level 4.3 Armour
 + Level 4.1 Dodging


You had 7 spell levels left.
You didn't know any spells.
Your spell library was empty.

Dungeon Overview and Level Annotations

Branches:
Dungeon (5/15)
 Temple: D:4-7

Altars:
Okawaru
Uskayaw

Annotations:
D:3 1 runed translucent door, Ladykiller69's ghost, amateur HOGl
D:4 3 runed translucent doors, IHuginn's ghost, amateur MiBe


Message History

Something hits you but does no damage. The worker ant barely misses you.
The seven-headed hydra bites you. x2; The seven-headed hydra bites you!
* * * LOW HITPOINT WARNING * * *
The seven-headed hydra closely misses you.
The seven-headed hydra bites you.
* * * LOW HITPOINT WARNING * * *
The seven-headed hydra closely misses you.
The seven-headed hydra barely misses you.
As you read the scroll labelled MOIR GOOQAO, it crumbles to dust.
It is a scroll of enchant armour.
Your cursed +0 cloak glows green for a moment.
The iguana bites you.
* * * LOW HITPOINT WARNING * * *
Something hits you but does no damage. The orc warrior closely misses you.
The worker ant bites you!
* * * LOW HITPOINT WARNING * * *
The seven-headed hydra bites you but does no damage.
The seven-headed hydra barely misses you.
The seven-headed hydra bites you!
You die...

....
+.....###.$..#..
... #...#.#
..#.o))"
#...##....#.#..)
#...# #.# #r##
###...#...# ..
#.....#..#
#l......# .
+BD...### .
#@lo..#
#..s..###.###
###'#........
#....#######
#....# ##..##
####


You could see a seven-headed hydra, an orc warrior, a scorpion, an iguana, a
worker ant and a leopard gecko.

Vanquished Creatures
  A sky beast (D:7)
  A black bear (D:7)
  A phantom (D:4)
  2 ogres (D:4)
  2 hounds
  A jelly (D:7)
  A bullfrog skeleton (D:4)
  An orc priest (D:4)
  A gnoll shaman (D:4)
  2 orc wizards
  Jessica (D:3)
  An iguana (D:7)
  6 worker ants
  5 gnolls
  5 adders
  4 dart slugs
  5 leopard geckos
  19 orcs
  4 bats
  7 hobgoblins
  4 jackals
  3 ball pythons
  A frilled lizard (D:1)
  6 goblins
  A jackal skeleton (D:4)
  2 kobolds (D:1)
  A leopard gecko skeleton (D:4)
  10 rats
98 creatures vanquished.

Notes
Turn   | Place    | Note
-------+----------+-------------------------------------------
     0 | D:1      | Ladykiller69 the Hill Orc Gladiator began the quest for the
                  | Orb.
     0 | D:1      | Reached XP level 1. HP: 18/18 MP: 1/1
   406 | D:1      | Reached XP level 2. HP: 25/25 MP: 2/2
  1187 | D:2      | Reached skill level 1 in Armour
  1251 | D:2      | Reached XP level 3. HP: 29/30 MP: 3/3
  1606 | D:3      | Found a faded altar of an unknown god.
  1642 | D:3      | Noticed Jessica
  1656 | D:3      | Killed Jessica
  1783 | D:3      | Reached skill level 5 in Axes
  1783 | D:3      | Reached XP level 4. HP: 36/38 MP: 4/4
  2077 | D:3      | Found a runed translucent door.
  2093 | D:3      | Reached XP level 5. HP: 42/45 MP: 5/5
  2134 | D:3      | Noticed Ladykiller69's ghost (amateur HOGl)
  3041 | D:4      | Reached skill level 6 in Axes
  3048 | D:4      | Noticed a phantom
  3055 | D:4      | Reached XP level 6. HP: 47/52 MP: 6/6
  3086 | D:4      | Killed a phantom
  3836 | D:4      | Reached XP level 7. HP: 55/59 MP: 7/7
  3897 | D:4      | Reached skill level 7 in Axes
  4077 | D:4      | Found a hide-covered altar of Uskayaw.
  4308 | D:4      | Found an iron altar of Okawaru.
  4513 | D:4      | Found a runed translucent gate.
  4513 | D:4      | Found a runed translucent gate.
  4513 | D:4      | Found a runed translucent gate.
  4551 | D:4      | Noticed IHuginn's ghost (amateur MiBe)
  4853 | D:5      | Entered Level 5 of the Dungeon
  4854 | D:5      | You fall into a shaft and drop 2 floors!
  4884 | D:7      | Reached skill level 5 in Fighting
  4884 | D:7      | Reached skill level 8 in Axes
  4977 | D:7      | Reached XP level 8. HP: 32/68 MP: 8/8
  5509 | D:7      | Noticed a six-headed hydra
  5575 | D:7      | Slain by a seven-headed hydra

Illustrated notes

Levels and vault maps discovered:
D:1:      minmay_arrival_diagonal_passages, layout_basic, minivault_4,
          item_on_display_a
D:2:      layout_basic, hangedman_abyss_or_decor_stabs, minmay_tromino_i4
D:3:      layout_rooms, ebering_ghost_reflecting_pool,
          chequers_ecumenical_altar_grove, uniq_jessica
D:4:      layout_cave_pods, eat_drink_and_be_merry_uskayaw,
          okawaru_altar_gauntlet_db, gammafunk_ghost_nasty_kobolds
D:5:      layout_cave_pods, lemuel_round_altar, lemuel_coloured_pillars_altar,
          cheibrodos_sewer_entry_drain
D:7:      minmay_the_grid_square_5x5_3x3 [minmay_the_grid_square_5x5_bracketed,
          minmay_the_grid_square_5x5_inner_i, minmay_the_grid_square_5x5_bridge,
          minmay_the_grid_square_5x5_two_walls_b,
          minmay_the_grid_square_5x5_megaprize_crossed,
          minmay_the_grid_square_5x5_inner_z,
          minmay_the_grid_square_5x5_three_small,
          minmay_the_grid_square_5x5_dogpile,
          minmay_the_grid_square_5x5_inverted_slash], layout_gridville,
          minmay_temple_entry_butterflies

Skill      XL: |  1  2  3  4  5  6  7 |
---------------+----------------------+-----
Throwing       | 2 |  2.0
Armour         | 1 2 3 4 |  4.3
Fighting       | 3 4 5 |  5.4
Axes           | 5 6 8 |  8.7
Dodging        | 3 4 |  4.1

Action                   |  1- 3 |  4- 6 |  7- 9 || total
-------------------------+-------+-------+-------++-------
Melee: War axe           |    71 |   156 |    95 ||   322
Throw: Dart              |       |     7 |    26 ||    33
       Throwing net      |       |     3 |       ||     3
Evoke: Wand              |       |       |     1 ||     1
  Use: Potion            |       |     1 |       ||     1
       Scroll            |       |       |     1 ||     1
 Stab: Sleeping          |     1 |       |       ||     1
       Held in net/web   |       |     1 |       ||     1
Armor: Leather armour    |    21 |    34 |    39 ||    94
Dodge: Dodged            |    45 |   115 |    66 ||   226
